 Dungeon Crawl Stone Soup version 0.30.1-4-g462c640d31 (webtiles) character file.

Game seed: 10782025299623497172

35 Zeor the Shooter (level 3, -6/30 HPs)
             Began as a Draconian Hunter on Sept 10, 2023.
             Killed by an exploding goblin (25 damage)
             ... ignited by their inner flame
             ... on level 2 of the Dungeon.
             The game lasted 00:03:04 (972 turns).

Zeor the Shooter (Draconian Hunter)                  Turns: 972, Time: 00:03:05

Health: -6/30      AC:  6    Str: 13    XL:     3   Next: 17%
Magic:  3/3        EV: 12    Int:  9    God:
Gold:   16         SH:  0    Dex: 16    Spells: 2/2 levels left

rFire   . . .        a - +0 shortbow
rCold   . . .        (shield currently unavailable)
rNeg    . . .        (body armour unavailable)
rPois   .            (helmet restricted)
rElec   .            (no cloak)
rCorr   .            d - +0 pair of gloves
SInv    .            (no boots)
Will    .....        (no amulet)
Stlth   ++           (no ring)
HPRegen 0.25/turn    (no ring)
MPRegen 0.08/turn

%: no passive effects
@: no status effects
A: AC +5, unfitting armour, cold-blooded
a: no special abilities


You were on level 2 of the Dungeon.
You visited 1 branch of the dungeon, and saw 2 of its levels.

You collected 16 gold pieces.

Inventory:

Hand Weapons
 a - a +0 shortbow (weapon)
Armour
 d - a +0 pair of gloves (worn)


   Skills:
 + Level 2.5 Fighting
 + Level 4.2 Ranged Weapons
 * Level 2.2 Dodging
 + Level 0.8 Stealth


You had 2 spell levels left.
You didn't know any spells.
Your spell library contained the following spells:

 Spells                   Type           Power      Damage    Failure   Level
 Sublimation of Blood     Necr           0%         N/A       52%         2
 Wereblood                Tmut           0%         N/A       52%         2
 Summon Hydra             Summ           0%         N/A       100%        7


Dungeon Overview and Level Annotations

Branches:
Dungeon (2/15)

Altars:

Annotations:
D:2 Robin


Innate Abilities, Weirdness & Mutations

Your plain brown scales are hard. (AC +5)
You cannot fit into any form of body armour.
You are cold-blooded and may be slowed by cold attacks.


Message History

As you read the scroll of immolation, it crumbles to dust.
The creatures around you are filled with an inner flame!
You aren't carrying any scrolls.
It was a potion of attraction.
You feel attractive to monsters. Robin throws the goblin at you!
The goblin hits you but does no damage. The goblin hits you with a +0 dagger.
Robin is attracted toward you. The hobgoblin is attracted toward you.
You aren't carrying any scrolls.
Enter note: guess i'll die It was a potion of cancellation.
Your magical effects are unravelling.
You feel magically purged. The goblin hits you with a +0 club.
The goblin hits you but does no damage.
Robin roars a battlecry!
The goblins go into a battle-frenzy!
You feel less attractive to monsters. The goblin hits you but does no damage.
The goblin attacks as you move away! The goblin hits you with a +0 club.
The goblin hits you with a +0 dagger. Robin throws the goblin at you!
The goblin attacks as you move away!
The goblin hits you but does no damage. x2
Robin throws the goblin at you!
The goblin unwields a +0 sling.
The goblin wields a +0 dagger.
The goblin hits you with a +0 dagger. The goblin attacks as you move away!
The goblin closely misses you. The goblin barely misses you.
The goblin attacks as you move away! The goblin misses you.
The goblin attacks as you move away! The goblin barely misses you.
The goblin hits you but does no damage.
The goblin unwields a +0 club.
The goblin wields a +0 sling.
The goblin shoots a sling bullet.
The sling bullet hits you but does no damage.
The goblin unwields a +0 dagger.
The goblin wields a +0 sling.
The goblin shoots a sling bullet.
The sling bullet hits you but does no damage.
You aren't carrying any scrolls.
You shoot an arrow. The arrow hits the goblin.
The goblin explodes!
The fiery explosion engulfs the goblin!!
The fiery explosion engulfs you!!
Ouch! That really hurt!
You die...

▒∙▒∙∙∙▒▒▒∙∙∙∙▒
▒∙▒▒▒∙▒∙▒∙∙▒∙▒▒
▒∙▒∙∙∙∙∙∙∙∙∙∙∙▒
▒∙▒∙▒∙∙∙∙▒∙▒▒∙▒
▒∙∙∙▒▒▒∙∙▒∙∙†∙▒
▒▒▒▒▒▒▒∙∙†∙(▒∙▒
▒▒▒▒▒∙∙∙▒▒∙▒∙▒
▒▒▒▒∙∙∙∙∙▒∙∙∙∙∙∙▒
▒##d∙▒▒▒▒▒▒∙▒∙▒▒▒
▒▒▒#▒▒▒▒▒▒ ▒∙∙∙∙▒
▒∙g∙∙∙∙∙∙▒ ▒∙∙∙∙▒
▒∙∙∙∙∙∙∙∙▒ ▒∙∙∙▒▒
▒∙g∙∙∙∙∙∙▒▒▒∙∙∙▒
▒[∙∙∙∙∙∙∙▒∙∙∙∙∙▒
▒∙g▒▒▒▒▒▒▒∙▒∙∙∙▒
▒g▒▒
▒∙▒▒▒▒▒▒▒▒▒▒▒ ▒∙▒
▒∙∙∙∙∙∙∙∙∙∙∙)


You could see a goblin (inner flame, strong).

Vanquished Creatures
  A dart slug (D:1)
  5 ball pythons
  3 endoplasms (D:1)
  A giant cockroach (D:2)
  7 goblins
  3 hobgoblins
  A jackal (D:2)
  2 bats
  2 frilled lizards (D:1)
  3 kobolds (D:1)
  5 rats
33 creatures vanquished.

Notes
Turn   | Place    | Note
-------+----------+-------------------------------------------
     0 | D:1      | Zeor the Draconian Hunter began the quest for the Orb.
     0 | D:1      | Reached XP level 1. HP: 17/17 MP: 1/1
   118 | D:1      | Reached XP level 2. HP: 24/24 MP: 2/2
   160 | D:1      | Reached skill level 4 in Ranged Weapons
   879 | D:2      | Reached XP level 3. HP: 30/30 MP: 3/3
   959 | D:2      | Noticed Robin
   963 | D:2      | guess i'll die
   972 | D:2      | Killed by an exploding goblin... ignited by their inner
                  | flame

Illustrated notes

▒▒▒▒∙∙∙∙∙▒∙∙∙∙∙∙
▒∙∙∙∙▒▒▒▒▒▒∙▒∙▒▒
▒▒▒∙▒▒▒▒▒▒
▒∙∙∙∙▒
▒∙∙∙∙∙∙∙∙▒
▒∙∙∙∙▒
▒∙∙∙∙∙∙∙∙▒
▒∙∙∙▒▒
▒∙∙∙∙∙∙∙∙▒▒▒∙∙∙▒
▒[∙∙∙∙∙∙∙▒∙∙∙∙∙▒
▒∙g▒▒▒▒▒▒▒∙▒∙∙∙▒
▒d▒▒ ▒∙▒▒▒▒▒▒▒
▒g▒ ▒∙∙∙∙∙∙∙∙
∙∙∙∙∙∙gg▒
▒∙∙∙∙∙∙∙∙


∙∙∙∙>∙∙gg ▒∙∙∙∙∙∙∙∙ ▒▒▒▒▒▒∙gg( ▒▒∙∙∙∙∙∙∙ ▒†##∙▒ ▒▒▒▒▒▒†▒▒▒▒ ▒∙∙∙∙▒ ▒∙∙∙∙∙∙∙▒
▒∙∙∙)▒ ▒∙∙∙∙∙∙∙▒ ▒∙∙∙∙▒ ▒∙∙∙∙†<∙▒ Turn 963 on D:2: guess i'll die

Levels and vault maps discovered:
D:1:      dpeg_arrival_rhombi, layout_basic
D:2:      layout_basic, minmay_domino_4, uniq_robin

Skill      XL: |  1  2 |
---------------+-------+-----
Dodging        | 2 |  2.2
Ranged Weapons | 4 |  4.2
Fighting       | |  2.5
Stealth        | |  0.8

Action                     || total
---------------------------++-------
   Fire: Shortbow          ||    69
    Use: Scroll            ||     3
         Potion            ||     2
 Armour: Skin              ||    15
  Dodge: Dodged            ||    21
